 Dungeon Crawl Stone Soup version 0.27-a0-1591-gc56fcc985a (webtiles) character file.

Game seed: 5911153406794090699

83 Sin92 the Skirmisher (level 4, -2/35 HPs)
             Began as a Demonspawn Fighter on July 19, 2021.
             Slain by a gnoll (13 damage)
             ... on level 3 of the Dungeon.
             The game lasted 00:01:23 (1428 turns).

Sin92 the Skirmisher (Demonspawn Fighter)           Turns: 1428, Time: 00:01:24

Health: -2/35      AC: 10    Str: 17    XL:     4   Next: 22%
Magic:  4/4        EV:  9    Int: 10    God:
Gold:   96         SH: 14    Dex: 12    Spells: 3/3 levels left

rFire    + . .     SeeInvis +   a - +0 war axe
rCold    + . .     Faith    .   c - +1 kite shield
rNeg     . . .     Spirit   .   b - +0 scale mail
rPois    .         Reflect  .   (no helmet)
rElec    .         Harm     .   (no cloak)
rCorr    .         Rampage  .   (no gloves)
Will     .....                  (no boots)
Stlth    ..........             (no amulet)
HPRegen  0.11/turn              j - +4 ring of protection
MPRegen  0.09/turn              g - ring of see invisible

@: no status effects
A: talons 2, repulsion field 1, condensation shield, see invisible, cold
resistance 1, fire resistance 1
a: no special abilities


You were on level 3 of the Dungeon.
You visited 1 branch of the dungeon, and saw 3 of its levels.

You collected 96 gold pieces.

Inventory:

Hand Weapons
 a - a +0 war axe (weapon)
Missiles
 k - 5 curare-tipped darts (quivered)
Armour
 b - a +0 scale mail (worn)
 c - a +1 kite shield (worn)
Jewellery
 g - a ring of see invisible (right hand)
 j - a +4 ring of protection (left hand)
Scrolls
 m - a scroll of fog
 n - a scroll of identify
 q - a scroll of teleportation {unknown}
Potions
 d - a potion of might
 f - a potion of cancellation
 h - a potion of curing
 i - a potion of ambrosia {unknown}
 l - a potion of haste {unknown}
 o - a potion of attraction {unknown}


   Skills:
 + Level 3.4 Fighting
 + Level 2.4 Axes
 + Level 3.1 Armour
 + Level 1.2 Dodging
 + Level 3.1 Shields


You had 3 spell levels left.
You didn't know any spells.
Your spell library was empty.

Dungeon Overview and Level Annotations

Branches:
Dungeon (3/15)

Altars:
Qazlal


Innate Abilities, Weirdness & Mutations

You have razor-sharp toenails.
You are surrounded by a mild repulsion field. (EV +2)
A meltable shield of frost defends you. (SH +4)
You have supernaturally acute eyesight. (SInv)
Your flesh is cold resistant. (rC+)
Your flesh is heat resistant. (rF+)


Message History

The gnoll barely misses you.
Unknown command.
You closely miss the gnoll.
The gnoll is heavily wounded.
Your scale mail prevents you from hitting the gnoll.
You block the gnoll's attack. x2; The gnoll closely misses you.
You hit the gnoll.
You kill the gnoll!
You hit the gnoll. You block the gnoll's attack.
A gnoll comes into view. It is wielding a +0 halberd.
You block the gnoll's attack.
You closely miss the gnoll. You claw the gnoll.
The gnoll is lightly wounded.
You block the gnoll's attack.
A gnoll comes into view. It is wielding a +0 club.
You barely miss the gnoll. You claw the gnoll.
The gnoll is moderately wounded.
The gnoll hits you with a +0 whip.
The gnoll hits you from afar with a +0 halberd!
You block the gnoll's attack.
You are too injured to fight recklessly!
You are too injured to fight recklessly!
You are too injured to fight recklessly!
You are too injured to fight recklessly!
You block the gnoll's attack. You block the gnoll's attack.
It was a potion of cancellation.
You feel magically purged. The gnoll hits you but does no damage.
The gnoll hits you with a +0 whip.
* * * LOW HITPOINT WARNING * * *
It was a potion of mutation.
You feel extremely strange.
Your toenails lengthen and sharpen.
Your vision sharpens.
You feel resistant to heat.
You feel resistant to cold. You block the gnoll's attack. x2
It was a potion of curing.
You feel better. You block the gnoll's attack. The gnoll barely misses you.
As you read the scroll labelled TIYSEOCKIM, it crumbles to dust.
Your body is wracked with pain!
The gnoll convulses! x3
It was a scroll of torment.
The gnoll hits you from afar with a +0 halberd!
You die...

.##.##.#.#.#.#.#
#.# #.#.#.#.#.#
#.# #.#.#.#.#.#
#.# #.#.#.#.#.#
#.# #.#.#.#<#.#
#.# #.#.#.#...#
#.# #.#.#.#.###
#.# #.#.#####.#
#@#.......#
#g######### #g#
#g# #.### #†..#
#)..# #.#.#
#.###


You could see 3 gnolls.

Vanquished Creatures
  3 adders (D:2)
  A gnoll (D:3)
  A worm (D:2)
  A dart slug (D:1)
  4 ball pythons
  A giant cockroach (D:1)
  5 goblins
  2 hobgoblins (D:2)
  3 jackals (D:2)
  2 quokkas (D:1)
  4 bats
  2 frilled lizards
  6 kobolds
  7 rats
42 creatures vanquished.

Notes
Turn   | Place    | Note
-------+----------+-------------------------------------------
     0 | D:1      | Sin92 the Demonspawn Fighter began the quest for the Orb.
     0 | D:1      | Reached XP level 1. HP: 18/18 MP: 1/1
   120 | D:1      | Found a faded altar of an unknown god.
   182 | D:1      | Gained mutation: A meltable shield of frost defends you.
                  | (SH +4) [demonic ancestry]
   182 | D:1      | Reached XP level 2. HP: 20/24 MP: 2/2
   696 | D:2      | Found a stormy altar of Qazlal.
   706 | D:2      | Gained mutation: You are surrounded by a mild repulsion
                  | field. (EV +2) [demonic ancestry]
   706 | D:2      | Reached XP level 3. HP: 20/29 MP: 3/3
   864 | D:2      | Reached skill level 1 in Dodging
  1191 | D:2      | Gained mutation: You have sharp toenails. [demonic
                  | ancestry]
  1191 | D:2      | Reached XP level 4. HP: 30/35 MP: 4/4
  1426 | D:3      | Gained mutation: You have razor-sharp toenails. [potion of
                  | mutation]
  1426 | D:3      | Gained mutation: You have supernaturally acute eyesight.
                  | (SInv) [potion of mutation]
  1426 | D:3      | Gained mutation: Your flesh is heat resistant. (rF+)
                  | [potion of mutation]
  1426 | D:3      | Gained mutation: Your flesh is cold resistant. (rC+)
                  | [potion of mutation]
  1428 | D:3      | Slain by a gnoll

Illustrated notes

Levels and vault maps discovered:
D:1:      dpeg_arrival_refuge, layout_rooms,
          dreamdust_ecumenical_altar_angels_and_demons
D:2:      layout_rooms, basic_altar, minmay_tetromino_s2
D:3:      layout_basic

Skill      XL: |  1  2  3 |
---------------+----------+-----
Axes           | 2 |  2.4
Armour         | 3 |  3.1
Dodging        | 1 |  1.2
Shields        | 3 |  3.1
Fighting       | |  3.4

Action                   |  1- 3 |  4- 6 || total
-------------------------+-------+-------++-------
Melee: War axe           |    87 |    14 ||   101
       Kick              |       |     4 ||     4
  Use: Scroll            |     2 |     1 ||     3
       Potion            |       |     3 ||     3
Armor: Scale mail        |    49 |     2 ||    51
Dodge: Dodged            |    25 |     5 ||    30
Block: Kite shield       |    81 |    16 ||    97

Table legend: (Time is in decaauts)
 A = Elapsed time spent in this place.
 B = Non-inter-level travel time spent in this place.
 C = Inter-level travel time spent in this place.
 D = Time resting spent in this place.
 E = Time spent auto-exploring this place.
 F = Levels seen in this place.
 G = Mean time per level.
                   A        B        C        D        E       F      G
               +--------+--------+--------+--------+--------+-----+--------+
         Total |   1490 |   1451 |     39 |      0 |   1167 |   3 |  496.7 |
       Dungeon |   1490 |   1451 |     39 |      0 |   1167 |   3 |  496.7 |
               +--------+--------+--------+--------+--------+-----+--------+

Top non-repeatable levels by time:
     D:1: 720 daAuts
     D:2: 690 daAuts
     D:3: 79 daAuts
